 Dungeon Crawl Stone Soup version 0.20-a0-540-ge6d1839 (webtiles) character file.

78 Dragon983 the Skirmisher (level 4, -4/41 HPs)
             Began as a Minotaur Abyssal Knight on Jan 30, 2017.
             Was a Follower of Lugonu.
             Slain by Vesto's ghost (6 damage)
             ... on level 3 of the Dungeon.
             The game lasted 00:03:35 (1411 turns).

Dragon983 the Skirmisher (Minotaur Abyssal Knight)  Turns: 1411, Time: 00:03:36

Health: -4/41      AC:  8    Str: 16    XL:     4   Next: 15%
Magic:  4/4        EV:  8    Int:  9    God:    Lugonu [*.....]
Gold:   128        SH:  0    Dex: 11    Spells: 3/3 levels left

rFire    . . .     SeeInvis .   a - +1 mace
rCold    . . .     Gourm    .   n - +0 ring mail
rNeg     . . .     Faith    .   (no shield)
rPois    .         Spirit   .   (helmet restricted)
rElec    .         Reflect  .   s - +0 cloak (curse)
rCorr    .         Harm     .   (no gloves)
MR       .....                  t - +0 pair of boots (curse)
Stlth    +.........             (no amulet)
Regen    0.2/turn               (no ring)
                                (no ring)

@: constricted
A: retaliatory headbutt, horns 2
a: Depart the Abyss, Renounce Religion


You were on level 3 of the Dungeon.
You worshipped Lugonu.
Lugonu was aware of your devotion.
You were hungry.

You visited 1 branch of the dungeon, and saw 3 of its levels.
You visited the Abyss 1 time.

You collected 128 gold pieces.

Inventory:

Hand Weapons
 a - a +1 mace (weapon)
Armour
 b - a +0 leather armour
 n - a +0 ring mail (worn)
 s - a cursed +0 cloak (worn)
 t - a cursed +0 pair of boots (worn)
Scrolls
 f - 2 scrolls of teleportation {unknown}
 h - a scroll of fog {unknown}
 i - 2 scrolls of enchant weapon {unknown}
 o - a scroll of identify {unknown}
 r - a scroll of amnesia {unknown}
Potions
 e - 2 potions of heal wounds {unknown}
 j - a potion of mutation {unknown}
 k - 2 potions of ambrosia {unknown}
 l - a potion of cancellation {unknown}
 m - a potion of agility {unknown}
 q - a potion of curing {unknown}
Comestibles
 c - 3 bread rations
 g - a fruit
 p - a meat ration


   Skills:
 + Level 4.3 Fighting
 * Level 3.9 Maces & Flails
 + Level 3.2 Armour
 + Level 1.9 Dodging
 - Level 1.7 Invocations


You had 3 spell levels left.
You didn't know any spells.

Dungeon Overview and Level Annotations

Branches:
Dungeon (3/15)

Altars:

Annotations:
D:3 Vesto's ghost, weakling DsFi


Innate Abilities, Weirdness & Mutations

You reflexively headbutt those who attack you in melee.
You have a pair of horns on your head.


Message History

The ball python bites you but does no damage.
The ball python constricts you. Something hits you.
* * * LOW HITPOINT WARNING * * *
You closely miss Vesto's ghost. You headbutt Vesto's ghost.
Vesto's ghost is almost destroyed.
Something hits you.
* * * LOW HITPOINT WARNING * * *
The ball python bites you but does no damage.
The ball python constricts you.
Vesto's ghost hits you but does no damage.
You hit Vesto's ghost.
You headbutt Vesto's ghost, but do no damage.
Vesto's ghost is almost destroyed.
Something hits you but does no damage.
The ball python bites you but does no damage.
* * * LOW HITPOINT WARNING * * *
The ball python constricts you.
Vesto's ghost whispers, "Soon you will have time, lots of time..."
Vesto's ghost hits you.
You die...

.......
.......
#+######..$...
...........o#
............#
......?....?#
........W...+
.......@S...#
............#
............#
............#
............#
#+#.##..)..##
.. #.....# ..
+.....+


You could see an orc wizard, Vesto's ghost and a ball python.

Vanquished Creatures
  An adder (D:2)
  An ooze (D:1)
  3 worms (D:2)
  3 leopard geckos
  2 orcs (D:2)
  5 bats
  A giant cockroach (D:2)
  3 goblins (D:1)
  6 hobgoblins
  7 jackals (D:1)
  8 kobolds
  A quokka (D:2)
  3 frilled lizards
  4 rats
48 creatures vanquished.

Notes
Turn   | Place    | Note
-------+----------+-------------------------------------------
     0 | Abyss:1  | Dragon983 the Minotaur Abyssal Knight began the quest for the Orb.
     0 | Abyss:1  | Reached XP level 1. HP: 19/19 MP: 1/1
     0 | D:1      | Escaped the Abyss
    76 | D:1      | Reached XP level 2. HP: 13/27 MP: 2/2
    77 | D:1      | Reached * piety under Lugonu
   359 | D:1      | Reached skill level 4 in Fighting
   363 | D:1      | Reached XP level 3. HP: 9/33 MP: 3/3
  1135 | D:2      | Reached XP level 4. HP: 30/40 MP: 4/4
  1342 | D:3      | Noticed Vesto's ghost (weakling DsFi)
  1411 | D:3      | HP: 2/41 [ball python (1)]
  1411 | D:3      | Slain by Vesto's ghost

Vault maps used:
D:1:      saegor_arrival_simple_f
D:3:      minmay_diamond_boxcup, gup_sewer_entry_pipe, first_bread,
          lemuel_statue_altar, uniq_iyjb

Skill      XL: |  1  2  3 |
---------------+----------+-----
Maces & Flails | 3 |  3.9
Fighting       | 4 |  4.3
Armour         | 3 |  3.2
Dodging        | |  1.9
Invocations    | |  1.7

Action                   |  1- 3 |  4- 6 || total
-------------------------+-------+-------++-------
Melee: Mace              |    83 |    20 ||   103
       Headbutt          |    16 |     5 ||    21
Invok: Depart the Abyss  |     1 |       ||     1
  Eat: Chunk             |     1 |       ||     1
Armor: Leather armour    |    26 |       ||    26
       Ring mail         |     9 |    15 ||    24
Dodge: Dodged            |    67 |    13 ||    80
